 Dungeon Crawl Stone Soup version 0.24-a0-358-g53aee78b01 (webtiles) character file.

Game seed: 17554176840656454127

20 mhoghedin the Conjurer (level 2, 0/20 HPs)
             Began as a Draconian Conjurer on May 25, 2019.
             Slain by a hobgoblin (4 damage)
             ... on level 1 of the Dungeon.
             The game lasted 00:02:12 (787 turns).

mhoghedin the Conjurer (Draconian Conjurer)          Turns: 787, Time: 00:02:12

Health: 0/20       AC:  4    Str: 10    XL:     2   Next: 58%
Magic:  2/5        EV: 12    Int: 15    God:
Gold:   0          SH:  0    Dex: 11    Spells: 5/6 levels left

rFire    . . .     SeeInvis +   d - +0 dagger
rCold    . . .     Gourm    .   (no shield)
rNeg     . . .     Faith    .   (armour unavailable)
rPois    .         Spirit   .   (helmet restricted)
rElec    .         Reflect  .   (no cloak)
rCorr    .         Harm     .   (no gloves)
MR       .....                  (no boots)
Stlth    ++........             (no amulet)
HPRegen  0.06/turn              a - ring of see invisible {sInv, !d}
MPRegen  0.09/turn              (no ring)

@: very slightly contaminated
A: unfitting armour, cold-blooded, AC +4
a: no special abilities


You were on level 1 of the Dungeon.
You were not hungry.

You visited 1 branch of the dungeon, and saw 1 of its levels.

Inventory:

Hand Weapons
 d - a +0 dagger (weapon)
   (You took it off a kobold on level 1 of the Dungeon)
Jewellery
 a - a ring of see invisible (left hand) {sInv, !d}
   (You found it on level 1 of the Dungeon)
Comestibles
 b - a ration


   Skills:
 - Level 1.7 Dodging
 - Level 1.7 Stealth
 + Level 2.5 Spellcasting
 + Level 4.4 Conjurations


You had 5 spell levels left.
You knew the following spells:

 Your Spells              Type           Power        Failure   Level  Hunger
a - Magic Dart            Conj           ###.         3%          1    #......

Your spell library contained the following spells:

 Spells                   Type           Power        Failure   Level  Hunger
 Searing Ray              Conj           ###...       5%          2    ###....
 Dazzling Spray           Conj/Hex       #.....       26%         3    ###....
 Iskenderun's Mystic Bla  Conj           ###.....     34%         4    #####..
 Force Lance              Conj/Tloc      #.......     63%         4    #####..
 Fulminant Prism          Conj/Hex       #.........   63%         4    #####..


Dungeon Overview and Level Annotations

Branches:
Dungeon (1/15)

Altars:


Innate Abilities, Weirdness & Mutations

Your plain brown scales are hard. (AC +4)
You cannot fit into any form of body armour.
You are cold-blooded and may be slowed by cold attacks.


Message History

Nothing appears to happen.
You now have 1/5 mp.
You closely miss the jackal. The jackal bites you.
You take 2 damage, and have 15/20 hp.
You closely miss the jackal.
The jackal bites you but does no damage.
The jackal closely misses you.
You barely miss the jackal. The jackal closely misses you.
You closely miss the jackal.
You tail-slap the jackal, but do no damage.
The jackal closely misses you.
You hit the jackal. The jackal barely misses you.
The jackal closely misses you.
You closely miss the jackal.
The jackal bites you but does no damage.
You hit the jackal but do no damage.
The jackal bites you but does no damage.
The jackal bites you.
You take 1 damage, and have 15/20 hp.
You hit the jackal.
You kill the jackal!
The jackal barely misses you.
You closely miss the jackal.
The jackal bites you but does no damage.
You hit the jackal but do no damage. The jackal bites you.
The jackal completely misses you.
You take 3 damage, and have 12/20 hp.
You are too injured to fight recklessly!
You are too injured to fight recklessly!
You are too injured to fight recklessly!
You are too injured to fight recklessly!
You are too injured to fight recklessly!
You are too injured to fight recklessly!
You are too injured to fight recklessly!
You are too injured to fight recklessly!
You are too injured to fight recklessly!
You are too injured to fight recklessly!
You are too injured to fight recklessly!
You are too injured to fight recklessly!
You are too injured to fight recklessly!
You are too injured to fight recklessly!
You are too injured to fight recklessly!
You are too injured to fight recklessly!
You hit the jackal.
The jackal bites you but does no damage.
You barely miss the jackal.
The jackal bites you but does no damage.
You hit the jackal but do no damage. The jackal closely misses you.
The jackal bites you but does no damage.
You closely miss the jackal.
The jackal bites you but does no damage.
You closely miss the jackal. The jackal barely misses you.
The jackal bites you.
You take 2 damage, and have 10/20 hp.
You barely miss the jackal.
Your tail-slap misses the jackal.
The jackal closely misses you.
You hit the jackal. The jackal completely misses you.
You closely miss the jackal. The jackal barely misses you.
The jackal completely misses you.
You hit the jackal. You tail-slap the jackal.
You kill the jackal!
The jackal bites you but does no damage.
You hit the jackal but do no damage.
Your tail-slap misses the jackal.
The jackal bites you.
Your magical contamination has completely faded away.
You take 3 damage, and have 8/20 hp.
You closely miss the jackal. The jackal closely misses you.
The jackal misses you.
You barely miss the jackal. The jackal closely misses you.
You closely miss the jackal. The jackal bites you.
* * * LOW HITPOINT WARNING * * *
The jackal bites you but does no damage.
You hit the jackal. The jackal bites you.
* * * LOW HITPOINT WARNING * * *
You hit the jackal but do no damage.
You tail-slap the jackal, but do no damage.
The jackal bites you.
* * * LOW HITPOINT WARNING * * *
You hit the jackal.
You tail-slap the jackal, but do no damage.
The jackal misses you. The jackal barely misses you.
You hit the jackal but do no damage. The jackal barely misses you.
You barely miss the jackal.
The jackal bites you but does no damage.
The jackal barely misses you.
You closely miss the jackal. The jackal misses you.
You completely miss the jackal.
The jackal bites you but does no damage.
You hit the jackal.
You kill the jackal!
You take 5 damage, and have 3/20 hp.
MASSIVE DAMAGE!!
Aim: a hobgoblin The magic dart hits the hobgoblin.
The hobgoblin closely misses you.
You now have 3/5 mp.
Aim: a hobgoblin (heavily wounded)
You miscast Magic Dart.
You are very lightly contaminated with residual magic.
Nothing appears to happen.
The hobgoblin hits you.
You die...

#.... #.... #.... #....
##################....
#..†..##..............
.....###.##.##########.#.
... #g##.# ###.## .
#@##.# #..... #.##.#####
#.#... #........# #.####
#####....# ##'#### #....#
#...... #....# #(.....
#....# #......
##....###.....>
......>.'......


You could see a hobgoblin.

Vanquished Creatures
  An ooze (D:1)
  A ball python (D:1)
  A goblin (D:1)
  2 hobgoblins (D:1)
  4 jackals (D:1)
  A bat (D:1)
  A frilled lizard (D:1)
  3 kobolds (D:1)
14 creatures vanquished.

Notes
Turn   | Place    | Note
-------+----------+-------------------------------------------
     0 | D:1      | mhoghedin the Draconian Conjurer began the quest for the
                  | Orb.
     0 | D:1      | Reached XP level 1. HP: 14/14 MP: 3/3
    50 | D:1      | HP: 2/14 [kobold (3)]
   395 | D:1      | Reached XP level 2. HP: 12/20 MP: 0/5
   775 | D:1      | HP: 4/20 [jackal (2)]
   787 | D:1      | Slain by a hobgoblin

Levels and vault maps discovered:
D:1:      dpeg_arrival_rhombus, layout_basic

Action                   || total
-------------------------++-------
Melee: Unarmed           ||     8
       Dagger            ||    49
       Tailslap          ||     6
 Cast: Magic Dart        ||    21
Armor: Skin              ||    28
Dodge: Dodged            ||    45

Table legend:
 A = Non-vault XP
 B = Vault XP
 C = Vault XP percentage of total XP
 D = Non-vault monster count
 E = Vault monster count
 F = Vault count percentage of total count
                 A         B        C        D         E       F
            +---------+---------+-------+---------+---------+-------
      Total |      29 |       0 |   0.0 |      14 |       0 |   0.0
            +---------+---------+-------+---------+---------+-------
        D:1 |      29 |       0 |   0.0 |      14 |       0 |   0.0
            +---------+---------+-------+---------+---------+-------

Levels and vault maps discovered:
D:1:      dpeg_arrival_rhombus, layout_basic

Table legend:
 A = Turns spent in this place as a percentage of turns spent in the entire game.
 B = Non-inter-level travel turns spent in this place as a percentage of non-inter-level travel turns spent in the entire game.
 C = Inter-level travel turns spent in this place as a percentage of turns spent in this place.
 D = Turns resting spent in this place as a percentage of non-inter-level travel turns spent in this place.
 E = Turns spent auto-exploring this place as a percentage of non-inter-level travel turns spent in this place.
 F = Non-inter-level travel turns spent in this place divided by the number of levels of this place that you've seen.
                   A       B       C       D       E      F
               +-------+-------+-------+-------+-------+----------------------
         Total | 100.0 | 100.0 |   0.0 |  47.6 |  26.3 | 787.0
       Dungeon | 100.0 | 100.0 |   0.0 |  47.6 |  26.3 | 787.0
               +-------+-------+-------+-------+-------+----------------------

Table legend:
 A = Kills in this place as a percentage of kills in entire the game.
 B = Kills by you in this place as a percentage of kills by you in the entire game.
 C = Kills by friends in this place as a percentage of kills by friends in the entire game.
 D = Other kills in this place as a percentage of other kills in the entire game.
 E = Experience gained in this place as a percentage of experience gained in the entire game.
 F = Experience gained in this place divided by the number of levels of this place that you have seen.
                   A       B       C       D       E      F
               +-------+-------+-------+-------+-------+----------------------
         Total | 100.0 | 100.0 |   N/A |   N/A | 100.0 |  29.0
       Dungeon | 100.0 | 100.0 |   N/A |   N/A | 100.0 |  29.0
               +-------+-------+-------+-------+-------+----------------------
